 Dungeon Crawl Stone Soup version 0.29.1-12-g30fa7ad0bf (webtiles) character file.

Game seed: 5743080908543178245

209 Eitelfritz the Slasher (level 5, -1/45 HPs)
             Began as a Minotaur Gladiator on Jan 13, 2023.
             Slain by an orc priest
             ... wielding a +0 flail
              (7 damage)
             ... on level 4 of the Dungeon.
             The game lasted 00:07:33 (3263 turns).

Eitelfritz the Slasher (Minotaur Gladiator)         Turns: 3263, Time: 00:07:34

Health: -1/45      AC:  7    Str: 18    XL:     5   Next: 55%
Magic:  4/4        EV: 11    Int:  7    God:
Gold:   155        SH:  0    Dex: 12    Spells: 4/4 levels left

rFire   . . .      SeeInvis .   a - +0 long sword
rCold   . . .      Faith    .   (no shield)
rNeg    + . .      Spirit   .   f - +0 scale mail
rPois   .          Reflect  .   c - +0 hat
rElec   .          Harm     .   (no cloak)
rCorr   .          Rampage  .   (no gloves)
Will    .....                   h - +0 pair of boots
Stlth   ..........              (no amulet)
HPRegen 0.15/turn               n - ring of positive energy
MPRegen 0.09/turn               (no ring)

@: no status effects
A: horns 2, retaliatory headbutt
a: no special abilities


You were on level 4 of the Dungeon.
You visited 2 branches of the dungeon, and saw 5 of its levels.

You collected 155 gold pieces.

Inventory:

Hand Weapons
 a - a +0 long sword (weapon)
 b - a +0 sling
 v - a +0 flail
Missiles
 d - 3 throwing nets (quivered)
 e - 5 javelins
 g - 5 boomerangs
 j - 37 stones
 m - 5 datura-tipped darts
 q - 8 poisoned darts
Armour
 c - a +0 hat (worn)
 f - a +0 scale mail (worn)
 h - a +0 pair of boots (worn)
Jewellery
 n - a ring of positive energy (left hand)
Wands
 s - a wand of polymorph (9)
 u - a wand of charming (6)
 y - a wand of iceblast (8)
Scrolls
 i - 2 scrolls of enchant armour {unknown}
 k - a scroll of fear
 p - 2 scrolls of immolation
 t - a scroll of identify
Potions
 l - 2 potions of flight {unknown}
 o - 3 potions of brilliance
 r - a potion of ambrosia {unknown}
 x - 2 potions of curing {unknown}
 z - a potion of heal wounds {unknown}
 A - a potion of mutation {unknown}
 C - 2 potions of berserk rage {unknown}


   Skills:
 + Level 3.3 Fighting
 + Level 5.3 Long Blades
 + Level 2.1 Ranged Weapons
 + Level 2.0 Throwing
 + Level 2.8 Armour
 + Level 3.9 Dodging
 + Level 0.2 Stealth


You had 4 spell levels left.
You didn't know any spells.
Your spell library contained the following spells:

 Spells                   Type           Power      Damage    Failure   Level
 Slow                     Hex            0%         N/A       82%         1
 Confusing Touch          Hex            0%         N/A       99%         3
 Vampiric Draining        Necr           0%         2d6       99%         3
 Yara's Violent Unravell  Hex/Tmut       0%         3d3       100%        5
 Enfeeble                 Hex            0%         N/A       100%        7


Dungeon Overview and Level Annotations

Branches:
Dungeon (4/15)             Temple (1/1) D:4

Altars:
Ashenzari
Cheibriados
Elyvilon
Hepliaklqana
Kikubaaqudgha
Nemelex Xobeh
Okawaru
Qazlal
Trog
Uskayaw
Vehumet
Xom
Zin
The Shining One

Shops:
D:2 *((:(


Innate Abilities, Weirdness & Mutations

You have a pair of horns on your head.
You reflexively headbutt those who attack you in melee.


Message History

The orc hits you with a +0 mace.
The orc priest hits you but does no damage.
The orc priest calls upon Beogh to heal the orc priest.
The orc priest is healed somewhat.
The orc closely misses you. You furiously retaliate!
You headbutt the orc. You slash the orc priest!
The orc priest is severely wounded.
The orc hits you but does no damage. The orc priest barely misses you.
You furiously retaliate!
You headbutt the orc priest.
The orc priest looks braver for a moment.
The orc hits you with a +0 hand axe.
Unknown command.
You hit the orc priest.
You kill the orc priest!
The orc hits you with a +0 mace.
* * * LOW HITPOINT WARNING * * *
The orc misses you. You furiously retaliate!
You headbutt the orc!
You kill the orc!
Unknown command.
You hit the orc priest but do no damage.
The orc closely misses you. You furiously retaliate!
You headbutt the orc, but do no damage.
The orc priest hits you but does no damage.
The orc priest barely misses you. You furiously retaliate!
You headbutt the orc priest, but do no damage.
The orc barely misses you.
You hit the orc priest but do no damage.
The orc closely misses you. The orc priest closely misses you.
The orc hits you with a +0 flail.
* * * LOW HITPOINT WARNING * * *
The orc closely misses you. You furiously retaliate!
You headbutt the orc.
Unknown command.
You hit the orc priest.
The orc priest is lightly wounded.
The orc hits you with a +0 flail.
* * * LOW HITPOINT WARNING * * *
The orc hits you with a +0 mace.
* * * LOW HITPOINT WARNING * * *
The orc priest hits you with a +0 flail!
You die...

....... ....... .......
### # ....... ..#.#
###....... ..#.#
#.+.......
).#.###########o#o......
)..............o@oo.....
†...###########)########
#.###...........#
....#.#################
#..##.#<#.............#
##....#.#...#########.#
...................<#.#
#)##[##.#..##.#.#####.#
..[.....#.....#.......#


You could see an orc priest and 4 orcs.

Vanquished Creatures
  An orc priest (D:4)
  An iguana (D:4)
  An orc wizard (D:4)
  An adder (D:2)
  An ufetubus (D:4)
  A worm (D:3)
  2 dart slugs
  17 orcs
  4 ball pythons
  7 endoplasms
  4 giant cockroaches
  6 goblins
  11 hobgoblins
  2 jackals (D:2)
  11 kobolds
  3 quokkas (D:1)
  2 bats (D:1)
  2 frilled lizards
  6 rats
83 creatures vanquished.

Notes
Turn   | Place    | Note
-------+----------+-------------------------------------------
     0 | D:1      | Eitelfritz the Minotaur Gladiator began the quest for the
                  | Orb.
     0 | D:1      | Reached XP level 1. HP: 18/18 MP: 0/0
   322 | D:1      | Reached skill level 4 in Long Blades
   375 | D:1      | Reached XP level 2. HP: 12/25 MP: 1/1
   629 | D:1      | You fall into a shaft and drop 1 floor!
   659 | D:2      | Reached XP level 3. HP: 26/30 MP: 2/2
   662 | D:2      | Found Wueff's Weapon Emporium.
   720 | D:2      | Found an iron altar of Okawaru.
   874 | D:2      | Found Anukhlowk's Antique Weapon Boutique.
   889 | D:2      | Reached skill level 1 in Armour
   925 | D:2      | Found Imere's Book Emporium.
   927 | D:2      | Found Feq Ownykesch's Antique Weapon Boutique.
  1101 | D:2      | Found Worix's Assorted Antiques.
  1489 | D:1      | Found a faded altar of an unknown god.
  2035 | D:3      | Reached XP level 4. HP: 36/38 MP: 3/3
  2882 | D:4      | Reached skill level 1 in Ranged Weapons
  2890 | D:4      | Found a staircase to the Ecumenical Temple.
  2909 | D:4      | Reached skill level 5 in Long Blades
  2915 | D:4      | Reached XP level 5. HP: 30/45 MP: 4/4
  2963 | Temple   | Entered the Ecumenical Temple
  3263 | D:4      | Slain by an orc priest

Illustrated notes

Levels and vault maps discovered:
D:1:      minmay_arrival_split_and_join, layout_rooms,
          hellmonk_ecumenical_altar_prayer_group, minmay_distorted
D:2:      layout_loops_ring, serial_shops, shop, shop, shop,
          nicolae_shop_statue_plus, nicolae_shop_advertising_works
          [nicolae_subvault_shop_adworks], basic_altar
D:3:      layout_basic, minmay_stone_trees_small
D:4:      layout_basic, minmay_temple_entry_ruins, uniq_robin
Temple:   nicolae_temple_ecumenical_triangle

Skill      XL: |  1  2  3  4  5 |
---------------+----------------+-----
Long Blades    | 4 5 |  5.3
Fighting       | 3 |  3.3
Armour         | 1 2 |  2.8
Ranged Weapons | 1 2 |  2.1
Throwing       | |  2.0
Dodging        | |  3.9
Stealth        | |  0.2

Action                   |  1- 3 |  4- 6 || total
-------------------------+-------+-------++-------
Melee: Long sword        |   104 |    70 ||   174
       Headbutt          |    11 |    14 ||    25
 Fire: Sling             |       |    32 ||    32
  Use: Scroll            |       |     8 ||     8
Armor: Leather armour    |    41 |     1 ||    42
       Ring mail         |       |    21 ||    21
       Scale mail        |       |    11 ||    11
Dodge: Dodged            |    78 |    56 ||   134
